 Dungeon Crawl Stone Soup version 0.29.0-4-gdea44cf6ec (webtiles) character file.

Game seed: 402151091470967449

137 qw the Chopper (level 5, -3/30 HPs)
             Began as a Tengu Warper on Aug 28, 2022.
             Slain by an orc
             ... wielding a +0 club
              (4 damage)
             ... on level 4 of the Dungeon.
             The game lasted 00:00:16 (3054 turns).

qw the Chopper (Tengu Warper)                       Turns: 3054, Time: 00:00:16

Health: -3/30      AC:  8    Str: 13    XL:     5   Next: 20%
Magic:  9/9        EV:  7    Int: 13    God:
Gold:   209        SH:  0    Dex: 14    Spells: 8/8 levels left

rFire   . . .      SeeInvis .   Y - +1 hand axe
rCold   . . .      Faith    .   (no shield)
rNeg    . . .      Spirit   .   l - +0 chain mail
rPois   .          Reflect  .   (helmet restricted)
rElec   .          Harm     .   (no cloak)
rCorr   .          Rampage  .   (no gloves)
Will    .....                   (boots unavailable)
Stlth   ..........              (no amulet)
HPRegen 0.10/turn               (no ring)
MPRegen 0.11/turn               (no ring)

@: flying quickly and evasively, quick
A: beak, talons 3, nimble flight
a: no special abilities


You were on level 4 of the Dungeon.
You visited 1 branch of the dungeon, and saw 4 of its levels.

You collected 209 gold pieces.


Innate Abilities, Weirdness & Mutations

You have a beak for a mouth.
You have claws for feet.
Your magical nature lets you fly swiftly and evasively.


   Skills:
 - Level 2.0 Fighting
 + Level 5.7 Axes
 - Level 1.0 Throwing
 - Level 1.1 Armour
 - Level 2.1 Dodging
 - Level 2.0 Spellcasting
 - Level 2.4 Translocations


You had 8 spell levels left.
You didn't know any spells.
Your spell library contained the following spells:

 Spells                   Type           Power      Damage    Failure   Level
 Blink                    Tloc           14%        N/A       99%         2
 Gell's Gravitas          Tloc           7%         N/A       100%        3
 Lesser Beckoning         Tloc           7%         N/A       100%        3
 Teleport Other           Tloc           7%         N/A       100%        3
 Manifold Assault         Tloc           7%         N/A       100%        5

Inventory:

Hand Weapons
 b - a +0 whip
 Y - a +1 hand axe (weapon)
Missiles
 d - a boomerang (quivered)
Armour
 g - the +1 chain mail of Dowdy Contentment {rF++ rC- Str+5}
   (You found it on level 4 of the Dungeon)

   Str:       It affects your strength (+5).
   rF:        It greatly protects you from fire.
   rC:        It makes you vulnerable to cold.
 l - a +0 chain mail (worn)
Scrolls
 a - 2 scrolls of identify
Potions
 c - a potion of berserk rage {unknown}
 e - a potion of mutation
 f - a potion of flight {unknown}
 h - a potion of brilliance {unknown}

Dungeon Overview and Level Annotations

Branches:
Dungeon (4/15)
 Temple: D:4-7

Altars:
Ru

Shops:
D:1 !   D:3 (


Message History

An orc comes into view. It is wielding a +0 dagger.
Found 14 gold pieces.
The orc shouts!
Enter note: Throw: boomerang
Press: ? - help, Q - select action Shift-Dir - straight line, f - orc You throw a boomerang.
The boomerang hits the orc.
The orc is severely wounded.
An orc warrior comes into view. It is wielding a +0 dire flail.
Throw: boomerang
Press: ? - help, Q - select action Shift-Dir - straight line, f/p - orc You throw a boomerang.
The orc warrior shouts!
The boomerang hits the orc.
You kill the orc!
An orc wizard comes into view. It is wielding a +0 dagger.
The orc wizard shouts!
You hear a shout!
An orc comes into view. It is wielding a +0 club.
The orc warrior hits you with a +0 dire flail!
You closely miss the orc warrior. The orc warrior closely misses you.
You closely miss the orc warrior. You peck the orc warrior.
The orc warrior is lightly wounded.
You barely miss the orc wizard.
The orc warrior hits you with a +0 dire flail!
Ouch! That really hurt!
The orc wizard hits you but does no damage.
You hit the orc warrior. Your peck misses the orc warrior.
The orc warrior is lightly wounded.
You hit the orc wizard but do no damage.
The orc wizard barely misses you.
The orc warrior hits you with a +0 dire flail.
You closely miss the orc warrior. You claw the orc warrior.
You peck the orc warrior.
The orc warrior is moderately wounded.
You hit the orc.
You hit the orc wizard but do no damage.
The orc wizard hits you but does no damage.
The orc hits you with a +0 club.
You die...

############
#..........#
#..........#
#..........########.##
###..............o......
................@o).....
.............###.o..$..#
#.#..........# #.####..#
#.#..........# #.# #
#.######..#'## #.#
#.######..#.# #.#
#...........####.#
########..........
..........#.###.


You could see an orc warrior, an orc wizard and an orc.

Vanquished Creatures
  Natasha (D:4)
  3 adders (D:2)
  3 worms
  2 dart slugs
  2 orcs
  6 ball pythons
  7 endoplasms
  4 giant cockroaches
  8 goblins
  2 hobgoblins (D:1)
  4 jackals (D:3)
  3 kobolds (D:3)
  4 quokkas
  10 bats
  5 frilled lizards
  4 rats
68 creatures vanquished.

Vanquished Creatures (others)
  2 plants (D:3)
2 creatures vanquished.

Grand Total: 70 creatures vanquished

Notes
Turn   | Place    | Note
-------+----------+-------------------------------------------
     0 | D:1      | qw the Tengu Warper began the quest for the Orb.
     0 | D:1      | Reached XP level 1. HP: 12/12 MP: 4/4
     0 | D:1      | 0 ||| qw: Version: 0.1-a-89-g26bdef1
     0 | D:1      | 0 ||| qw: Game counter: 2117
     0 | D:1      | 0 ||| qw: Always use a shield: true
     0 | D:1      | 0 ||| qw: God list: Okawaru
     0 | D:1      | 0 ||| qw: Allow faded altars: false
     0 | D:1      | 0 ||| qw: Do Orc after D:15 true
     0 | D:1      | 0 ||| qw: Do second Lair branch before Depths: true
     0 | D:1      | 0 ||| qw: Lair rune preference: random
     0 | D:1      | 0 ||| qw: Plans: Normal
     0 | D:1      | 0 ||| PLANNING D:1-11
   200 | D:1      | Reached XP level 2. HP: 17/17 MP: 6/6
   238 | D:1      | Reached skill level 3 in Axes
   244 | D:1      | HP: 4/17 [goblin/+0 dagger (2)]
   498 | D:1      | Found a faded altar of an unknown god.
   579 | D:1      | Found Hurabojo's Distillery.
   597 | D:1      | 597 ||| SHOPLISTING potion of heal wounds (65 gold, have
                  | 20).
   597 | D:1      | 597 ||| SHOPLISTING potion of might (52 gold, have 20).
   597 | D:1      | 597 ||| SHOPLISTING potion of resistance (130 gold, have
                  | 20).
  1064 | D:1      | 1064 ||| UPGRADING to +0 ring mail.
  1074 | D:1      | 1074 ||| DROPPING +0 leather armour.
  1075 | D:1      | 1075 ||| UPGRADING to +0 chain mail.
  1085 | D:1      | 1085 ||| DROPPING +0 ring mail.
  1086 | D:1      | 1086 ||| DROPPING ring of magical power.
  1087 | D:1      | 1087 ||| READING 2 scrolls labelled JET VUCRAUJET.
  1088 | D:1      | 1088 ||| READING scroll labelled PAV KINNUOMAU.
  1089 | D:1      | 1089 ||| READING scroll labelled LIPLUO NAIBLUTZ.
  1090 | D:1      | 1090 ||| DROPPING scroll of vulnerability.
  1091 | D:1      | 1091 ||| DROPPING scroll of blinking.
  1126 | D:2      | Reached skill level 4 in Axes
  1126 | D:2      | Reached XP level 3. HP: 21/21 MP: 7/7
  1294 | D:2      | 1294 ||| DROPPING +0 club.
  1464 | D:2      | Reached XP level 4. HP: 25/26 MP: 8/8
  1889 | D:2      | 1889 ||| READING 2 scrolls of identify.
  1889 | D:2      | 1889 ||| IDENTIFYING emerald potion
  1954 | D:3      | Found Gesejude's Antique Weapon Boutique.
  1959 | D:3      | 1959 ||| SHOPLISTING flail (115 gold, have 96).
  2055 | D:3      | Reached skill level 5 in Axes
  2677 | D:3      | 2677 ||| READING scroll labelled YLIOME LUADO.
  2825 | D:3      | 2825 ||| READING scroll labelled BEAXTO YN QAHO.
  2853 | D:4      | Found a sacrificial altar of Ru.
  2853 | D:4      | Noticed Natasha
  2861 | D:4      | Killed Natasha
  2862 | D:4      | Gained mutation: Your magical nature lets you fly swiftly
                  | and evasively. [Tengu growth]
  2862 | D:4      | Reached XP level 5. HP: 19/30 MP: 9/9
  2990 | D:4      | Identified the +1 chain mail of Dowdy Contentment {rF++ rC-
                  | Str+5}
  3046 | D:4      | Noticed an orc warrior
  3052 | D:4      | HP: 6/30 [orc warrior/+0 dire flail (17)]
  3053 | D:4      | HP: 1/30 [orc warrior/+0 dire flail (5)]
  3054 | D:4      | Slain by an orc

Levels and vault maps discovered:
D:1:      minmay_arrival_checkered_box, layout_basic,
          hellmonk_ecumenical_altar_crossroads, serial_shops,
          nicolae_diamond_shop, patterned_corridor
D:2:      wander_river, layout_basic
D:3:      layout_basic, serial_shops, nicolae_shop_hallway_plus,
          serial_bayou_pond_e, minmay_cupped
D:4:      layout_basic, amcnicky_altar_gilded, grunt_temple_overflow_cloverleaf,
          fedhas_altar_1, kennysheep_generic_room_12, uniq_natasha,
          uniq_eustachio

Skill      XL: |  1  2  3  4 |
---------------+-------------+-----
Axes           | 4 5 |  5.7
Fighting       | |  2.0
Throwing       | |  1.0
Armour         | |  1.1
Dodging        | |  2.1
Spellcasting   | |  2.0
Translocations | |  2.4

Action                   |  1- 3 |  4- 6 || total
-------------------------+-------+-------++-------
Melee: Hand axe          |    73 |    82 ||   155
       Kick              |    17 |    23 ||    40
       Peck              |     4 |    10 ||    14
Throw: Boomerang         |     7 |    16 ||    23
  Use: Scroll            |     3 |     3 ||     6
Armor: Leather armour    |     9 |       ||     9
       Chain mail        |    17 |    42 ||    59
Dodge: Dodged            |    34 |    20 ||    54

Table legend:
 A = Non-vault XP
 B = Vault XP
 C = Vault XP percentage of total XP
 D = Non-vault monster count
 E = Vault monster count
 F = Vault count percentage of total count
                 A         B        C        D         E       F
            +---------+---------+-------+---------+---------+-------
      Total |     150 |      46 |  23.5 |      63 |       5 |   7.4
            +---------+---------+-------+---------+---------+-------
        D:1 |      32 |       0 |   0.0 |      21 |       0 |   0.0
        D:2 |      75 |       0 |   0.0 |      18 |       0 |   0.0
        D:3 |      35 |      11 |  23.9 |      20 |       4 |  16.7
        D:4 |       8 |      35 |  81.4 |       4 |       1 |  20.0
            +---------+---------+-------+---------+---------+-------
